 Dungeon Crawl Stone Soup version 0.27.0-1-g7a089689b8 (webtiles) character file.

Game seed: 14377082070817423445

309 Krazlmac the Magician (level 6, -2/47 HPs)
             Began as a Djinni Conjurer on Aug 14, 2021.
             Slain by Duvessa (12 damage)
             ... on level 5 of the Dungeon.
             The game lasted 00:07:31 (4797 turns).

Krazlmac the Magician (Djinni Conjurer)             Turns: 4797, Time: 00:07:32

Health: -2/47      AC:  2    Str:  6    XL:     6   Next: 69%
Gold:   146        EV: 16    Int: 22    God:
                   SH:  0    Dex: 11

rFire    + + .     SeeInvis .   (no weapon)
rCold    . . .     Faith    .   (no shield)
rNeg     . . .     Spirit   .   a - +0 robe
rPois    ∞         Reflect  .   (helmet currently unavailable)
rElec    .         Harm     .   (no cloak)
rCorr    .         Rampage  .   (no gloves)
Will     .....                  (boots unavailable)
Stlth    ++........             (no amulet)
HPRegen  0.15/turn              j - ring of protection from cold
MPRegen  0.00/turn              o - +4 ring of evasion

@: appendages, flying
A: horns 2, flying, sickness immunity, fire resistance 2, cold vulnerability 1,
float, innate caster, hp casting, extra vitality 1
a: End Transformation


You were on level 5 of the Dungeon.
You had temporarily grown beastly horns.
You visited 1 branch of the dungeon, and saw 5 of its levels.

You collected 250 gold pieces.
You spent 104 gold pieces at shops.

Inventory:

Armour
 a - a +0 robe (worn)
Jewellery
 j - a ring of protection from cold (left hand)
 o - a +4 ring of evasion (right hand)
 p - a ring of fire
Wands
 s - a wand of iceblast (6) (quivered)
Scrolls
 b - 2 scrolls of fog {unknown}
 c - 5 scrolls of identify
 d - 3 scrolls of enchant weapon
 e - 2 scrolls of magic mapping {unknown}
 g - a scroll of immolation {unknown}
 h - 2 scrolls of summoning {unknown}
 l - a scroll of silence {unknown}
 q - a scroll of vulnerability {unknown}
 r - 2 scrolls of teleportation {unknown}
Potions
 f - a potion of brilliance {unknown}
 i - 2 potions of lignification {unknown}
 k - 2 potions of attraction {unknown}
 m - 3 potions of curing {unknown}
 n - 2 potions of heal wounds {unknown}
 t - a potion of might {unknown}
 u - 2 potions of magic {unknown}


   Skills:
 * Level 4.0 Fighting
 + Level 2.5 Dodging
 - Level 1.5 Stealth
 * Level 4.6 Spellcasting
 + Level 0.8 Evocations


You couldn't memorise any spells.
You knew the following spells:

 Your Spells              Type           Power      Damage    Failure   Level
a - Magic Dart            Conj           100%       1d8       1%          1
b - Searing Ray           Conj           50%        3d5       2%          2
c - Dazzling Flash        Conj/Hex       50%        N/A       4%          3
d - Fulminant Prism       Conj/Hex       12%        3d9       16%         4
e - Iskenderun's Mystic   Conj/Tloc      25%        2d7       16%         4
f - Beastly Appendage     Tmut           50%        N/A       1%          1
g - Call Imp              Summ           25%        N/A       2%          2
Your spell library was empty.

Dungeon Overview and Level Annotations

Branches:
Dungeon (5/15)
 Temple: D:4-7

Altars:
Ru

Shops:
D:3 *

Annotations:
D:4 1 runed translucent door, Crazy Yiuf
D:5 Duvessa, Edmund, Sigmund


Innate Abilities, Weirdness & Mutations

You have temporarily grown beastly horns.
You are flying.
You are immune to sickness and miasma.
You are immune to poison.
Your flesh is very heat resistant. (rF++)
You are vulnerable to cold. (rC-)
You float through the air rather than walking.
You learn spells naturally, not from books.
Your magical power is your life essence.
You have superior vitality. (+4 HP)


Message History

Dowan gestures wildly while chanting.
Dowan blinks!
You swap places.
Your crimson imp disappears in a puff of smoke!
Duvessa hits your white imp with a +0 short sword!
Your white imp dies!
Your iron imp completely misses Duvessa.
Dowan gestures wildly while chanting.
Dowan blinks!
Your crimson imp blinks!
Dowan gestures at you while chanting. The puff of flame misses you.
Okay, then.
Casting: Call Imp (safe; 2% risk of failure)
Confirm with . or Enter, or press ? or * to list all spells.
You grow a pair of large bovine horns.
Aiming: Iceblast
Press: ? - help, Q - select action, (/) - cycle Shift-Dir - straight line, f - Dowan
Aim: Dowan, wielding a +0 dagger and wearing a +0 robe (ally target)
The mass of ice explodes!
The iceblast engulfs Dowan!
Dowan is severely wounded.
You hear a shout!
Aiming: Iceblast
Press: ? - help, Q - select action, (/) - cycle Shift-Dir - straight line, f/p - Dowan
Aim: Dowan, wielding a +0 dagger and wearing a +0 robe (severely wounded, ally target) Really fire at your crimson imp?
The mass of ice explodes!
The iceblast engulfs Dowan!
You kill Dowan!
Duvessa screams, "No!
How DARE you!"
Duvessa goes berserk!
The iceblast engulfs your crimson imp!
Your crimson imp is frozen!
You kill your crimson imp!
Duvessa hits you with a +0 short sword!
* * * LOW HITPOINT WARNING * * *
Duvessa closely misses you.
Your Fighting skill increases to level 4!
Duvessa barely misses you.
Your iron imp barely misses Duvessa.
Duvessa hits you with a +0 short sword!
You die...

#.#.# #.##
#.#.###.#
#.#<#....
#.###.#.#
#.###.#.##
#..§e5...#
#.###.#.....
#5###.# ##.
#.e@..#
#.......#
###.....#
#####.# .#


You could see Duvessa (berserk, ally target) and a friendly iron imp (summoned).

Vanquished Creatures
  Dowan (D:5)
  A centaur zombie (D:4)
  A hound (D:4)
  Robin (D:2)
  An adder (D:2)
  7 gnolls
  A worm (D:3)
  A dart slug (D:1)
  2 orcs
  3 ball pythons
  8 endoplasms
  5 giant cockroaches
  15 hobgoblins
  14 jackals
  3 quokkas
  4 bats
  2 frilled lizards (D:2)
  15 goblins
  6 kobolds
  8 rats
99 creatures vanquished.

Notes
Turn   | Place    | Note
-------+----------+-------------------------------------------
     0 | D:1      | Krazlmac the Djinni Conjurer began the quest for the Orb.
     0 | D:1      | Reached XP level 1. HP: 15/15 MP: 0/0
   102 | D:1      | Found a faded altar of an unknown god.
   273 | D:1      | Reached skill level 1 in Fighting
   273 | D:1      | Reached XP level 2. HP: 15/22 MP: 0/0
  1139 | D:1      | Reached XP level 3. HP: 25/27 MP: 0/0
  1139 | D:1      | Learned a level 1 spell: Beastly Appendage
  1741 | D:2      | Reached XP level 4. HP: 21/33 MP: 0/0
  2039 | D:2      | Noticed Robin
  2044 | D:2      | Killed Robin
  2052 | D:2      | Reached XP level 5. HP: 24/40 MP: 0/0
  2052 | D:2      | Learned a level 2 spell: Call Imp
  2950 | D:3      | Found a sacrificial altar of Ru.
  3334 | D:3      | Found Sifus's General Store.
  3342 | D:3      | Bought a scroll of enchant weapon for 82 gold pieces
  3342 | D:3      | Bought a scroll of identify for 22 gold pieces
  3975 | D:4      | Reached XP level 6. HP: 32/46 MP: 0/0
  4569 | D:4      | Found a runed translucent door.
  4570 | D:4      | Noticed Crazy Yiuf
  4702 | D:5      | Entered Level 5 of the Dungeon
  4702 | D:5      | Noticed Edmund
  4702 | D:5      | Noticed Sigmund
  4780 | D:5      | Noticed Duvessa
  4780 | D:5      | Noticed Dowan
  4795 | D:5      | Killed Dowan
  4797 | D:5      | Slain by Duvessa

Illustrated notes

Levels and vault maps discovered:
D:1:      minmay_arrival_stair_chambers, layout_loops_ring,
          basic_ecumenical_altar
D:2:      layout_rooms, uniq_robin
D:3:      layout_loops_corners, nicolae_overflow_crystal_walls, serial_shops,
          shop
D:4:      layout_cave_pools, uniq_crazy_yiuf_cottage
D:5:      layout_basic, minmay_temple_entry_enclosed_plants,
          chequers_serial_rivers_micro_c, grunt_ministairs_6, uniq_menkaure,
          uniq_edmund, uniq_duvessa, uniq_sigmund

Skill      XL: |  1  2  3  4  5  6 |
---------------+-------------------+-----
Fighting       | 1 2 3 4 |  4.0
Spellcasting   | 4 |  4.6
Dodging        | |  2.5
Stealth        | |  1.5
Evocations     | |  0.8

Action                   |  1- 3 |  4- 6 || total
-------------------------+-------+-------++-------
Melee: Unarmed           |       |     1 ||     1
 Cast: Magic Dart        |    75 |   154 ||   229
       Call Imp          |       |     4 ||     4
       Searing Ray       |       |     3 ||     3
       Dazzling Flash    |       |     2 ||     2
       Beastly Appendage |       |     1 ||     1
Evoke: Wand              |       |     2 ||     2
Armor: Robe              |     1 |     3 ||     4
Dodge: Dodged            |     6 |    30 ||    36
